 Dungeon Crawl Stone Soup version 0.32-a0-960-g3814254bd7 (webtiles) character file.

Game seed: 13140368654456906230

12777 HilariousDeathArtist the Skirmisher (level 11, -5/81 HPs)
             Began as a Coglin Summoner on Apr 17, 2024.
             Was a High Priest of Wu Jian.
             Slain by a minotaur
             ... wielding the +9 bardiche "Estrecif" {flame, Fly rElec}
              (8 damage)
             ... in a Gauntlet.
             The game lasted 00:25:22 (12905 turns).

HilariousDeathArtist the Skirmisher (CoSu)         Turns: 12905, Time: 00:25:23

Health: -5/81      AC:  9    Str: 11    XL:     11   Next: 98%
Magic:  17/17      EV: 13    Int: 18    God:    Wu Jian [*****.]
Gold:   11         SH:  0    Dex: 19    Spells: 13/19 levels left

rFire   . . .        a - +12 sling "Jellyslayer" {elec, rC+++ Will++ rCorr Int-2}
rCold   + + +        b - +10 sling of Liph {freeze, rPois Str+3}
rNeg    . . .        F - +2 robe {Will+}
rPois   +            h - +2 helmet "Inac" {Dex+5}
rElec   .            w - scarf {harm}
rCorr   +            Q - +0 pair of gloves
SInv    .            r - +0 pair of boots
Will    +++..        (amulet unavailable)
Stlth   +++          (ring unavailable)
HPRegen 0.33/turn    (ring unavailable)
MPRegen 0.15/turn    (no gizmo)

%: no teleportation, harm (+30% outgoing, +20% incoming)
@: hasted, very quick
A: off-hand wielding, slow wielding, warmup strikes, no jewellery
a: Invent Gizmo, Renounce Religion, Wall Jump, Serpent's Lash, Heavenly Storm


You were in a Gauntlet.
You worshipped Wu Jian.
Wu Jian was extremely pleased with you.
You visited 1 branch of the dungeon, and saw 13 of its levels.
You also visited: Gauntlet.

You collected 706 gold pieces.
You spent 695 gold pieces at shops.

Inventory:

Hand Weapons
 a - the +12 sling "Jellyslayer" (weapon) {elec, rC+++ Will++ rCorr Int-2}
   (You bought it in a shop on level 7 of the Dungeon)

   Int-2:     It affects your intelligence (-2).
   rC+++:     It renders you almost immune to cold.
   Will++:    It greatly increases your willpower.
   rCorr:     It protects you from acid and corrosion.
 b - the +10 sling of Liph (offhand) {freeze, rPois Str+3}
   (You bought it in a shop on level 7 of the Dungeon)

   Str+3:     It affects your strength (+3).
   rPois:     It protects you from poison.
Missiles
 f - 3 throwing nets {!d}
 s - 5 stones
 A - 2 curare-tipped darts
Armour
 h - the +2 helmet "Inac" (worn) {Dex+5}
   (You found it in a Gauntlet)

   Dex+5:     It affects your dexterity (+5).
 r - a +0 pair of boots (worn)
   (You found it on level 5 of the Dungeon)
 t - a +2 hat
   (You found it on level 13 of the Dungeon)
 w - a scarf of harm (worn)
   (You found it on level 10 of the Dungeon)
 F - a +2 robe of willpower (worn)
   (You took it off Jeremiah on level 7 of the Dungeon)
 Q - a +0 pair of gloves (worn)
   (You found it on level 8 of the Dungeon)
Wands
 d - a wand of digging (6)
   (You found it on level 12 of the Dungeon)
 e - a wand of charming (5)
   (You found it on level 2 of the Dungeon)
 l - a wand of warping (14)
   (You found it on level 3 of the Dungeon)
 o - a wand of light (15)
   (You found it on level 6 of the Dungeon)
Scrolls
 c - 3 scrolls of poison {!r}
 g - a scroll of butterflies {unknown}
 i - 3 scrolls of fog
 E - a scroll of fear
 K - 3 scrolls of immolation {!r}
 O - 3 scrolls of amnesia {unknown}
 Y - 2 scrolls of teleportation {@r3}
Potions
 j - a potion of brilliance {unknown}
 k - 3 potions of enlightenment {unknown}
 m - 2 potions of cancellation
 q - 2 potions of might
 u - a potion of resistance {unknown}
 v - 4 potions of attraction {unknown}
 x - a potion of berserk rage {unknown}
 H - a potion of haste
 J - 7 potions of curing {@q1}
 M - 4 potions of magic
 P - 3 potions of lignification {!q}


   Skills:
 - Level 5.9 Fighting
 - Level 5.6 Short Blades
 + Level 12.2 Ranged Weapons
 - Level 4.2 Dodging
 - Level 4.3 Stealth
 - Level 4.5 Spellcasting
 - Level 5.7 Summonings
 - Level 5.3 Evocations


You had 13 spell levels left.
You knew the following spells:

 Your Spells              Type           Power      Damage    Failure   Level
a - Summon Small Mammal   Summ           96%        N/A       1%          1
c - Call Imp              Summ           48%        N/A       1%          2
d - Call Canine Familiar  Summ           24%        N/A       3%          3

Your spell library contained the following spells:

 Spells                   Type           Power      Damage    Failure   Level
 Freeze                   Ice            16%        1d4       14%         1
 Kiss of Death            Conj/Necr      16%        2d6       14%         1
 Magic Dart               Conj           16%        1d3       14%         1
 Ensorcelled Hibernation  Hex/Ice        8%         N/A       22%         2
 Searing Ray              Conj           8%         2d4       22%         2
 Static Discharge         Conj/Air       8%         3-4/arc   22%         2
 Confusing Touch          Hex            4%         N/A       38%         3
 Frozen Ramparts          Ice            8%         1d2       38%         3
 Fugue of the Fallen      Necr           4%         N/A       38%         3
 Hailstorm                Conj/Ice       4%         3d5       38%         3
 Inner Flame              Hex/Fire       4%         N/A       38%         3
 Summon Blazeheart Golem  Fire/Summ      14%        N/A       38%         4
 Summon Lightning Spire   Summ/Air       14%        N/A       38%         4
 Airstrike                Air            2%         2d(1-17)  80%         4
 Anguish                  Hex/Necr       2%         N/A       80%         4
 Dispel Undead            Necr           4%         3d7       80%         4
 Fulminant Prism          Conj/Alch      2%         3d5       80%         4
 Irradiate                Conj/Alch      2%         3d12      98%         5
 Ignition                 Fire           2%         3d3       100%        8
 Chain Lightning          Conj/Air       2%         3d2       100%        9
 Fire Storm               Conj/Fire      2%         8d1       100%        9
 Shatter                  Erth           2%         3d6*      100%        9


Dungeon Overview and Level Annotations

Branches:
Dungeon (13/15)            Temple (0/1) D:5            Lair (0/5) D:10
Gauntlet (1/1)
    Orc: D:9-12      Vaults: D:13-14

Altars:
Ashenzari
Cheibriados
Dithmenos
Fedhas
Gozag
Hepliaklqana
Okawaru
Vehumet
Wu Jian
Xom

Shops:
D:7 =:!((?

Annotations:
D:12 exclusion: cyclops Gauntlet 8 transporters, 3 runed translucent doors


Innate Abilities, Weirdness & Mutations

You can wield a second weapon in your off-hand.
It takes a long time for you to wield or remove held weapons.
Your first few attacks do less damage.
You cannot equip rings or amulets.


Message History

You shoot a sling bullet.
The sling bullet barely misses the shadow.
You shoot a sling bullet.
The sling bullet closely misses the shadow.
The shadow barely misses you.
The shadow slips into darkness.
The shadow flickers and vanishes!
Deactivating autopickup; reactivate with Ctrl-A.
You shoot a sling bullet. The sling bullet hits the shadow.
You shoot a sling bullet.
The sling bullet closely misses the shadow.
You shoot a sling bullet. The sling bullet hits the shadow.
You shoot a sling bullet.
The sling bullet closely misses the shadow.
You shoot a sling bullet.
The sling bullet hits the shadow but does no damage.
Lightning courses through the shadow!!
You destroy the shadow!
The Council accepts your kill.
You shoot a sling bullet.
No reachable target in view!
No reachable target in view!
No reachable target in view!
No reachable target in view!
No reachable target in view!
No reachable target in view!
No reachable target in view!
No reachable target in view!
No reachable target in view!
You shoot a sling bullet. x2
The shadow strikes at you from the darkness!
Reactivating autopickup.
You take 13 damage, and have 68/81 hp.
You shoot a sling bullet.
The sling bullet hits the shadow but does no damage.
You shoot a sling bullet.
The sling bullet barely misses the shadow.
The shadow hits you.
You shoot a sling bullet.
The sling bullet closely misses the shadow.
You shoot a sling bullet. The sling bullet hits the shadow.
You shoot a sling bullet.
The sling bullet hits the shadow but does no damage.
You shoot a sling bullet. The sling bullet hits the shadow.
The shadow closely misses you.
You shoot a sling bullet.
The sling bullet closely misses the shadow.
You shoot a sling bullet.
The sling bullet barely misses the shadow.
You shoot a sling bullet. The sling bullet hits the shadow.
You destroy the shadow!
The Council accepts your kill.
You shoot a sling bullet.
q - 4 potions of magic (gained 1);
M - 4 potions of magic
q - 2 potions of might Your extra speed is starting to run out.
You see here a +4 ring of protection.
h - the +2 helmet "Inac" {Dex+5}
There are no items here.
You start removing your armour.
You continue removing your +2 hat. x3
You feel yourself slow down.
You continue removing your +2 hat.
You finish removing your +2 hat.
You start putting on your armour.
You continue putting on the +2 helmet "Inac" {Dex+5}. x5
You finish putting on the +2 helmet "Inac" {Dex+5}.
You feel agile.
You regained 3 hp, and now have 75/81 hp.
You start resting.
Health restored: 81
There is a transporter here.
You enter the transporter and appear at another place.
You open the door.
A minotaur comes into view.
It is wielding the +9 bardiche "Estrecif" {flame, Fly rElec} and quivering silver javelins.
The minotaur hits you from afar with the +9 bardiche "Estrecif"!!!
Ouch! That really hurt!
The minotaur burns you!
* * * LOW HITPOINT WARNING * * *
Found a chain mail.
Found a gate leading back out of this place.
You take 58 damage, and have 23/81 hp.
MASSIVE DAMAGE!!
You feel yourself speed up.
You feel much better.
You regained 19 hp, and now have 43/81 hp.
Press: ? - help, Shift-Dir - straight line
Okay, then.
Okay, then.
Press: ? - help, Shift-Dir - straight line, f - minotaur
Aim: a minotaur, wielding the +9 bardiche "Estrecif" {flame, Fly rElec}, wearing a +0 crystal plate armour, wearing a ring of protection from fire and quivering silver javelins (88% to hit)
The bolt of light hits the minotaur but does no damage.
The minotaur is blinded.
The minotaur barely misses you. The minotaur gores you!
You take 12 damage, and have 31/81 hp.
You feel much better.
The minotaur hits you with the +9 bardiche "Estrecif"!!!
Ouch! That really hurt!
* * * LOW HITPOINT WARNING * * *
The minotaur burns you!
You die...

##..###. #≈..#... ######
##..#.## ####
#....#####≈..#.'.
#....##.##....###..####
# #....##.##..##......
#..##.##....##...#..####
#....##.##......#..#...
#.##..@.##.##.©.#ß.##..
. ####H...##...#..###.
#∩..H'.##....©.#∩.#©##
######.##.##...#..#=..
#... ##.©.#ß.#).# #.#
.....#..#?## ..#
##...#..#### #..
#..##...... #.#
...###..####


You could see a minotaur (blind, unable to see you).

Vanquished Creatures
  Fannar (D:11)
  A two-headed ogre (D:9)
  Amaemon (D:8)
  A cyclops (D:12)
  An orange demon (D:8)
  2 komodo dragons (D:10)
  Jeremiah (D:7)
  Psyche (D:8)
  A troll (D:6)
  3 slime creatures (D:13)
  6 shadows (Gauntlet)
  3 wyverns
  18 yaks
  Grum (D:8)
  2 steam dragons (D:6)
  2 water moccasins
  2 orc warriors
  A sky beast (D:8)
  4 black bears
  A centaur (D:8)
  2 wolves (D:8)
  2 phantoms (D:5)
  8 bullfrogs
  2 kobold brigands (D:8)
  A gnoll sergeant (D:10)
  A scorpion (D:6)
  8 wights
  5 killer bees (D:9)
  A howler monkey (D:10)
  3 bombardier beetles
  A jelly (D:8)
  2 hounds (D:6)
  7 orc priests
  A gnoll bouda (D:9)
  3 iguanas
  9 orc wizards
  7 adders
  13 gnolls
  2 white imps
  3 ribbon worms (D:2)
  2 dart slugs
  22 orcs
  12 endoplasms
  7 goblins
  7 hobgoblins
  A jackal (D:2)
  7 quokkas
  12 ball pythons
  3 bats
  3 frilled lizards
  14 kobolds
  3 rats
227 creatures vanquished.

Vanquished Creatures (collateral kills)
  A wraith (D:6)
  Menkaure (D:6)
  A sky beast (D:7)
  A bullfrog (D:7)
  A wight (D:7)
  A killer bee (D:9)
  2 orc priests (D:8)
  2 iguanas
  4 gnolls (D:2)
  An adder (D:4)
  A ribbon worm (D:2)
  6 orcs
  2 endoplasms (D:3)
  A giant cockroach (D:3)
  A goblin (D:1)
  A kobold (D:8)
  A frilled lizard (D:1)
  A rat (D:1)
29 creatures vanquished.

Grand Total: 256 creatures vanquished

Notes
Turn   | Place    | Note
-------+----------+-------------------------------------------
     0 | D:1      | HilariousDeathArtist the Coglin Summoner began the quest
                  | for the Orb.
     0 | D:1      | Reached XP level 1. HP: 13/13 MP: 3/3
   197 | D:1      | Reached skill level 1 in Fighting
   289 | D:1      | Found a faded altar of an unknown god.
   300 | D:1      | Prayed at the altar of an unknown god.
   300 | D:1      | Became a worshipper of the Wu Jian Council
   300 | D:1      | Reached * piety under Wu Jian
   327 | D:1      | Reached XP level 2. HP: 21/21 MP: 1/4
   336 | D:1      | Learned a level 2 spell: Call Imp
   441 | D:1      | Reached skill level 2 in Fighting
   526 | D:1      | HP: 5/22 [quokka (4)]
   758 | D:1      | Reached XP level 3. HP: 22/28 MP: 5/5
   836 | D:1      | Reached ** piety under Wu Jian
  1115 | D:2      | Reached skill level 2 in Spellcasting
  1185 | D:2      | Reached skill level 3 in Fighting
  1341 | D:2      | Reached XP level 4. HP: 35/35 MP: 7/7
  1565 | D:2      | HP: 5/35 [gnoll/+0 flail (6)]
  1917 | D:2      | Reached XP level 5. HP: 41/41 MP: 7/9
  1921 | D:2      | Learned a level 3 spell: Call Canine Familiar
  2717 | D:3      | Reached skill level 4 in Fighting
  2717 | D:3      | Reached skill level 1 in Short Blades
  2717 | D:3      | Reached skill level 3 in Spellcasting
  2809 | D:3      | Reached XP level 6. HP: 48/48 MP: 6/10
  3122 | D:3      | Found a hazy altar of Hepliaklqana.
  3122 | D:3      | Reached *** piety under Wu Jian
  3397 | D:4      | Reached skill level 2 in Dodging
  3449 | D:4      | Reached skill level 2 in Short Blades
  3499 | D:4      | Reached skill level 2 in Stealth
  3499 | D:4      | Reached skill level 1 in Evocations
  4050 | D:5      | Entered Level 5 of the Dungeon
  4162 | D:5      | Reached XP level 7. HP: 45/54 MP: 8/11
  4278 | D:5      | Found an iron altar of Okawaru.
  4379 | D:5      | Found a staircase to the Ecumenical Temple.
  4790 | D:5      | Reached skill level 2 in Evocations
  4895 | D:5      | Found a blossoming altar of Fedhas.
  4898 | D:5      | Found a broken altar of Ashenzari.
  4902 | D:5      | Found a shimmering altar of Xom.
  4975 | D:6      | Noticed a steam dragon
  5408 | D:6      | Killed a steam dragon
  5409 | D:6      | Reached skill level 3 in Short Blades
  5640 | D:6      | Noticed Menkaure
  5675 | D:6      | Killed Menkaure
  5676 | D:6      | Reached XP level 8. HP: 38/61 MP: 3/13
  5779 | D:6      | Identified the +6 spear of the Horn {drain, Str+3}
  5873 | D:6      | Reached skill level 3 in Evocations
  5877 | D:6      | Noticed a wraith
  5884 | D:6      | Reached skill level 3 in Dodging
  5884 | D:6      | Reached skill level 3 in Stealth
  5917 | D:6      | Noticed a troll
  5926 | D:6      | Killed a troll
  5934 | D:6      | Reached skill level 5 in Fighting
  5934 | D:6      | Reached skill level 4 in Short Blades
  6090 | D:6      | HP: 8/62 [wraith (10)]
  6096 | D:6      | Killed a wraith
  6097 | D:6      | Reached skill level 5 in Summonings
  6282 | D:6      | Reached skill level 4 in Spellcasting
  6580 | D:6      | Reached skill level 4 in Evocations
  6580 | D:6      | Reached XP level 9. HP: 67/68 MP: 11/15
  7173 | D:7      | Reached skill level 5 in Short Blades
  7176 | D:7      | Reached skill level 4 in Stealth
  7263 | D:7      | Reached skill level 4 in Dodging
  7654 | D:7      | Found Beisaef's Self-Published Books.
  7656 | D:7      | Noticed Jeremiah
  7665 | D:7      | Killed Jeremiah
  7666 | D:7      | Reached skill level 5 in Evocations
  7693 | D:7      | Found Iniypsas's Jewellery Shoppe.
  8061 | D:7      | Found Tilagra's Weapon Shop.
  8062 | D:7      | Found Odivvo's Distillery.
  8062 | D:7      | Found Kiwogus's Magic Scroll Shop.
  8062 | D:7      | Found Litolay's Antique Weapon Shop.
  8068 | D:7      | Bought a potion of might for 44 gold pieces
  8068 | D:7      | Bought a potion of curing for 33 gold pieces
  8068 | D:7      | Bought a potion of haste for 110 gold pieces
  8068 | D:7      | Bought 2 potions of lignification for 66 gold pieces
  8068 | D:7      | Bought a potion of degeneration for 11 gold pieces
  8068 | D:7      | Bought a potion of heal wounds for 55 gold pieces
  8169 | D:7      | Reached **** piety under Wu Jian
  8212 | D:7      | Bought a dazzling sling for 188 gold pieces
  8212 | D:7      | Identified the +10 sling of Liph {freeze, rPois Str+3} (You
                  | bought it in a shop on level 7 of the Dungeon)
  8362 | D:8      | Reached skill level 1 in Ranged Weapons
  8479 | D:8      | Reached skill level 2 in Ranged Weapons
  8624 | D:8      | Reached XP level 10. HP: 76/76 MP: 16/16
  8625 | D:8      | Noticed Grum
  8632 | D:8      | Killed Grum
  8633 | D:8      | Reached skill level 3 in Ranged Weapons
  8636 | D:8      | Noticed Amaemon
  8800 | D:8      | Killed Amaemon
  8801 | D:8      | Reached skill level 5 in Ranged Weapons
  9014 | D:8      | Noticed Psyche
  9030 | D:8      | Killed Psyche
  9181 | D:8      | Reached skill level 6 in Ranged Weapons
  9185 | D:8      | HP: 16/76 [yak (13)]
  9411 | D:8      | Reached skill level 7 in Ranged Weapons
  9573 | D:8      | Reached ***** piety under Wu Jian
  9574 | D:8      | Reached skill level 8 in Ranged Weapons
  9890 | D:8      | Reached XP level 11. HP: 75/81 MP: 17/17
 10055 | D:8      | Reached skill level 9 in Ranged Weapons
 10419 | D:9      | HP: 20/81 [killer bee (2)]
 10677 | D:9      | Reached skill level 10 in Ranged Weapons
 10953 | D:9      | Noticed a two-headed ogre
 10961 | D:9      | Killed a two-headed ogre
 11147 | D:10     | Entered Level 10 of the Dungeon
 11342 | D:10     | Found an opulent altar of Gozag.
 11342 | D:10     | Found a shadowy altar of Dithmenos.
 11342 | D:10     | Found a radiant altar of Vehumet.
 11493 | D:10     | Found a staircase to the Lair.
 11499 | D:10     | Reached skill level 11 in Ranged Weapons
 11933 | D:7      | Bought a fine sling for 188 gold pieces
 11933 | D:7      | Identified the +12 sling "Jellyslayer" {elec, rC+++ Will++
                  | rCorr Int-2} (You bought it in a shop on level 7 of the
                  | Dungeon)
 12011 | D:11     | Noticed Fannar
 12026 | D:11     | Killed Fannar
 12053 | D:11     | You fall into a shaft and drop 2 floors!
 12175 | D:13     | Noticed a red ugly thing
 12206 | D:12     | Noticed a two-headed ogre
 12326 | D:12     | Noticed a manticore
 12364 | D:12     | Noticed a cyclops
 12364 | D:12     | HP: 3/81 [cyclops/large rock (36)]
 12394 | D:12     | Found a snail-covered altar of Cheibriados.
 12404 | D:12     | Killed a cyclops
 12431 | D:12     | Found a gate leading to a gauntlet.
 12447 | Gauntlet | Entered a Gauntlet
 12447 | Gauntlet | Found a transporter.
 12447 | Gauntlet | Found a transporter.
 12456 | Gauntlet | Noticed a shining eye
 12508 | Gauntlet | Found a transporter.
 12511 | Gauntlet | Found a transporter.
 12527 | Gauntlet | Found a runed translucent gate.
 12528 | Gauntlet | Found a transporter.
 12528 | Gauntlet | Found a runed translucent gate.
 12533 | Gauntlet | Found a runed translucent gate.
 12533 | Gauntlet | Noticed a shining eye
 12542 | Gauntlet | Found a transporter.
 12547 | Gauntlet | Noticed a reaper
 12584 | Gauntlet | Found a transporter.
 12584 | Gauntlet | Found a transporter.
 12585 | Gauntlet | Found a transporter.
 12586 | Gauntlet | Noticed a reaper
 12598 | Gauntlet | Found a transporter.
 12614 | Gauntlet | Found a transporter.
 12621 | Gauntlet | Found a runed translucent door.
 12625 | Gauntlet | Found a transporter.
 12638 | Gauntlet | Found a transporter.
 12658 | Gauntlet | Found a transporter.
 12690 | Gauntlet | Reached skill level 12 in Ranged Weapons
 12850 | Gauntlet | Identified the +2 helmet "Inac" {Dex+5}
 12900 | Gauntlet | Identified the +9 bardiche "Estrecif" {flame, Fly rElec}
 12900 | Gauntlet | Noticed a minotaur
 12905 | Gauntlet | HP: 3/81 [minotaur/the +9 bardiche "Estrecif" {flame, Fly
                  | rElec} (51)]
 12905 | Gauntlet | Slain by a minotaur

Illustrated notes

Levels and vault maps discovered:
D:1:      dpeg_arrival_renting, layout_basic,
          shapermc_ecumenical_altar_mp_ritualfount
D:2:      layout_basic, chequers_serial_rivers_large_a, roderic_serpentine_path,
          minmay_unequal
D:3:      layout_rooms, amcnicky_altar_gilded, hangedman_decor_growths,
          st_stairs_10
D:4:      layout_rooms, serial_rivers, chequers_serial_rivers_micro_a,
          chequers_serial_rivers_micro_a, chequers_serial_rivers_micro_e,
          chequers_serial_rivers_marsh, chequers_serial_rivers_small_3
D:5:      layout_gridville, grunt_temple_overflow_diamond, lemuel_round_altar,
          minmay_temple_entry_tees
D:6:      minmay_chambers_of_sixes, layout_loops_ring, uniq_menkaure
D:7:      layout_basic, serial_shops, shop, nicolae_custom_books,
          minmay_shop_grid_forest, uniq_jeremiah
D:8:      layout_loops_ring, uniq_psyche, uniq_grum, uniq_amaemon
D:9:      layout_basic, nicolae_overflow_hidden_temple
D:10:     layout_basic, tgw_trog, chequers_temple_overflow_statue_of_worship,
          grunt_lair_entry_orc_guard_hut, amcnicky_mini_pool_small, minivault_5,
          minivault_16
D:11:     layout_roguey, david_orc_3, uniq_gastronok, uniq_fannar
D:12:     layout_irregular_city, gauntlet_entry_generic, kennysheep_slug_shrine
D:13:     layout_cave_pods, david_vaults_4, serial_shops,
          nicolae_shop_hallway_plus, nicolae_shop_tiny_glass, shop, serial_park,
          serial_park_tiny_1, serial_park_square1 [serial_park_minivault_5x5_3],
          serial_park_paths [serial_park_minivault_5x5_4]
Gauntlet: gammafunk_gauntlet_mixed_choke_point
          [minmay_gauntlet_arena_77_two_lines,
          minmay_gauntlet_arena_77_squiggly,
          minmay_gauntlet_arena_77_run_for_it,
          gammafunk_gauntlet_arena_arrow_garden, minmay_gauntlet_arena_77_path,
          minmay_gauntlet_arena_77_fan, minmay_gauntlet_arena_77_mirror,
          gauntlet_exit_green]

Skill      XL: |  1  2  3  4  5  6  7  8  9 10 11 |
---------------+----------------------------------+-----
Fighting       | 1 2 3 4 5 |  5.9
Spellcasting   | 2 3 4 |  4.5
Short Blades   | 1 2 3 4 5 |  5.6
Dodging        | 2 3 4 |  4.2
Stealth        | 2 3 4 |  4.3
Evocations     | 1 2 4 5 |  5.3
Summonings     | 5 |  5.7
Ranged Weapons | 2 8 12 | 12.2

Action                     |  1- 3 |  4- 6 |  7- 9 | 10-12 || total
---------------------------+-------+-------+-------+-------++-------
  Melee: Dagger            |   167 |    26 |       |       ||   193
         Flail             |       |    98 |       |       ||    98
         Rapier            |       |    95 |   109 |       ||   204
         Scimitar          |       |    14 |    45 |       ||    59
         Spear             |       |       |    93 |       ||    93
   Fire: Sling             |       |       |    40 |   624 ||   664
  Throw: Dart              |       |       |     1 |     1 ||     2
         Throwing net      |       |       |       |     2 ||     2
   Cast: Summon Small Mamm |     8 |     4 |       |       ||    12
         Call Imp          |     3 |     8 |     2 |       ||    13
         Call Canine Famil |       |    11 |    21 |     6 ||    38
Ability: Lunge             |     8 |    14 |     5 |       ||    27
         Whirlwind         |     1 |       |     2 |       ||     3
  Evoke: Wand              |       |       |     2 |     7 ||     9
    Use: Scroll            |     1 |     2 |     5 |     4 ||    12
         Potion            |       |       |       |     7 ||     7
   Stab: Sleeping          |     5 |     3 |     6 |       ||    14
         Distracted        |       |       |     2 |       ||     2
         Invisible         |       |       |     1 |       ||     1
 Armour: Robe              |    39 |    69 |   102 |   111 ||   321
  Dodge: Dodged            |    39 |    65 |    74 |    82 ||   260

Table legend: (Time is in decaauts)
 A = Elapsed time spent in this place.
 B = Non-inter-level travel time spent in this place.
 C = Inter-level travel time spent in this place.
 D = Time resting spent in this place.
 E = Time spent auto-exploring this place.
 F = Levels seen in this place.
 G = Mean time per level.
                   A        B        C        D        E       F      G
               +--------+--------+--------+--------+--------+-----+--------+
         Total |  12928 |  12444 |    484 |    228 |   9978 |  14 |  923.4 |
       Dungeon |  12493 |  12009 |    484 |    160 |   9711 |  13 |  961.0 |
      Gauntlet |    434 |    434 |      0 |     68 |    267 |   1 |  434.0 |
               +--------+--------+--------+--------+--------+-----+--------+

Top non-repeatable levels by time:
     D:6: 1982 daAuts
     D:8: 1702 daAuts
     D:2: 1617 daAuts
     D:7: 1540 daAuts
     D:9: 1043 daAuts
     D:5: 976 daAuts
     D:1: 972 daAuts
     D:3: 773 daAuts
    D:10: 737 daAuts
     D:4: 726 daAuts
Gauntlet: 434 daAuts
    D:12: 244 daAuts
    D:13: 126 daAuts
    D:11: 51 daAuts

Levels and vault maps discovered:
D:1:      dpeg_arrival_renting, layout_basic,
          shapermc_ecumenical_altar_mp_ritualfount
D:2:      layout_basic, chequers_serial_rivers_large_a, roderic_serpentine_path,
          minmay_unequal
D:3:      layout_rooms, amcnicky_altar_gilded, hangedman_decor_growths,
          st_stairs_10
D:4:      layout_rooms, serial_rivers, chequers_serial_rivers_micro_a,
          chequers_serial_rivers_micro_a, chequers_serial_rivers_micro_e,
          chequers_serial_rivers_marsh, chequers_serial_rivers_small_3
D:5:      layout_gridville, grunt_temple_overflow_diamond, lemuel_round_altar,
          minmay_temple_entry_tees
D:6:      minmay_chambers_of_sixes, layout_loops_ring, uniq_menkaure
D:7:      layout_basic, serial_shops, shop, nicolae_custom_books,
          minmay_shop_grid_forest, uniq_jeremiah
D:8:      layout_loops_ring, uniq_psyche, uniq_grum, uniq_amaemon
D:9:      layout_basic, nicolae_overflow_hidden_temple
D:10:     layout_basic, tgw_trog, chequers_temple_overflow_statue_of_worship,
          grunt_lair_entry_orc_guard_hut, amcnicky_mini_pool_small, minivault_5,
          minivault_16
D:11:     layout_roguey, david_orc_3, uniq_gastronok, uniq_fannar
D:12:     layout_irregular_city, gauntlet_entry_generic, kennysheep_slug_shrine
D:13:     layout_cave_pods, david_vaults_4, serial_shops,
          nicolae_shop_hallway_plus, nicolae_shop_tiny_glass, shop, serial_park,
          serial_park_tiny_1, serial_park_square1 [serial_park_minivault_5x5_3],
          serial_park_paths [serial_park_minivault_5x5_4]
Gauntlet: gammafunk_gauntlet_mixed_choke_point
          [minmay_gauntlet_arena_77_two_lines,
          minmay_gauntlet_arena_77_squiggly,
          minmay_gauntlet_arena_77_run_for_it,
          gammafunk_gauntlet_arena_arrow_garden, minmay_gauntlet_arena_77_path,
          minmay_gauntlet_arena_77_fan, minmay_gauntlet_arena_77_mirror,
          gauntlet_exit_green]

Table legend: (Time is in decaauts)
 A = Elapsed time spent in this place.
 B = Non-inter-level travel time spent in this place.
 C = Inter-level travel time spent in this place.
 D = Time resting spent in this place.
 E = Time spent auto-exploring this place.
 F = Levels seen in this place.
 G = Mean time per level.
                   A        B        C        D        E       F      G
               +--------+--------+--------+--------+--------+-----+--------+
         Total |  12928 |  12444 |    484 |    228 |   9978 |  14 |  923.4 |
       Dungeon |  12493 |  12009 |    484 |    160 |   9711 |  13 |  961.0 |
      Gauntlet |    434 |    434 |      0 |     68 |    267 |   1 |  434.0 |
               +--------+--------+--------+--------+--------+-----+--------+

Top non-repeatable levels by time:
     D:6: 1982 daAuts
     D:8: 1702 daAuts
     D:2: 1617 daAuts
     D:7: 1540 daAuts
     D:9: 1043 daAuts
     D:5: 976 daAuts
     D:1: 972 daAuts
     D:3: 773 daAuts
    D:10: 737 daAuts
     D:4: 726 daAuts
Gauntlet: 434 daAuts
    D:12: 244 daAuts
    D:13: 126 daAuts
    D:11: 51 daAuts

Table legend:
 A = Kills in this place as a percentage of kills in the entire game.
 B = Kills by you in this place as a percentage of kills by you in the entire game.
 C = Kills by friends in this place as a percentage of kills by friends in the entire game.
 D = Other kills in this place as a percentage of other kills in the entire game.
 E = Experience gained in this place as a percentage of experience gained in the entire game.
 F = Experience gained in this place divided by the number of levels of this place that you have seen.
                   A       B       C       D       E      F
               +-------+-------+-------+-------+-------+----------------------
         Total | 100.0 | 100.0 | 100.0 |   N/A | 100.0 | 1303.9
       Dungeon |  97.7 |  97.4 | 100.0 |   N/A |  92.9 | 1304.5
      Gauntlet |   2.3 |   2.6 |   0.0 |   N/A |   7.1 | 1296.0
               +-------+-------+-------+-------+-------+----------------------
